 BcadrenCrawl: Boulder Brew version 0.05.31-22-geda828027a (webtiles) character file.

Game seed: 11343314110201856235, levelgen mode: deterministic

945 BR41ND34D the Sneak (level 7, -1/25 HPs) Deep Elf Vine Stalker. Began on Oct 2, 2021. Slain by an orc warrior ... wielding a +0 scimitar (3 damage) ... on level 4 of the Dungeon. The game lasted 00:39:19 (3813 turns).

BR41ND34D the Sneak (Deep Elf Vine Stalker)         Turns: 3813, Time: 00:39:20

Health: -1/25      AC:  4    Str: 11    XL:     7 ^: 76
Magic:  0/29       EV: 14    Int: 17    God:
Gold:   152        SH:  0    Dex: 14    Spells: 8/18 levels left

rFire    . . .     Vision   .   a - +1 dagger (freeze)
rCold    . . .     Gourm    .   (no weapon)
rNeg     . . .     Faith    .   b - +0 leather armour
rCorr    . . .     Spirit   +   (no helmet)
rPois    .         Reflect  .   e - +0 cloak
rElec    .         Harm     .   (no gloves)
MR       .....                  (no boots)
Stlth    +++.......             (no amulet)
HPRegen  0.58/turn              p - ring of magical power
MPRegen  0.39/turn              (no ring)

@: no status effects
A: fangs, regeneration 1, magic shield, antimagic bite, no potion heal, rot
immunity
a: no special abilities


You were on level 4 of the Dungeon.
You were hungry.

You visited 1 branch of the dungeon, and saw 4 of its levels.

You collected 152 gold pieces.

Inventory:

Weapons
 a - a +1 dagger of freezing (weapon)
 j - a +0 spear Shields
 k - a +0 targe
 m - a +0 heater shield
Armour
 b - a +0 leather armour (worn)
 e - a +0 cloak (worn)
 f - a +0 chain mail
Jewellery
 n - an uncursed ring of fire
 p - a ring of magical power (left hand)
Wands
 t - a wand of polymorph (2)
Scrolls
 c - a scroll of magic mapping
 h - 5 scrolls of teleportation
 o - a scroll of blinking
Potions
 g - a potion of resistance
 i - a potion of poison
 l - 5 potions of mutation
 q - a potion of curing
 u - a potion of cancellation
Miscellaneous
 s - a lamp of fire
Comestibles
 d - 9 rations
 r - 2 chunks of flesh


   Skills:
 + Level 2.0 Fighting
 + Level 3.4 Short Blades
 + Level 4.7 Dodging
 + Level 7.3 Stealth
 * Level 6.2 Spellcasting
 * Level 6.4 Hexes


You had 8 spell levels left.
You knew the following spells:

 Your Spells              Type           Power        Failure   Level  Hunger
a - Magic Candle          Hex/Fire       16 (90)      3%          1    0
b - Blinding Spray Hex/Pois 16 (50) 12% 3 14-74 c - Fulminant Prism Hex 27 (200) 10% 4 94-194 d - Ensorcelled Hibernat Hex/Ice        16 (50)      6%          2    0-14

Your spell library contained the following spells:

 Spells                   Type           Power        Failure   Level  Hunger
 Confuse Hex 27 (100) 3% 3 14-74 Tukima's Dance Hex            27 (100)     3%          3    14-74


Dungeon Overview and Level Annotations

Branches:
Dungeon (4/8)
 Temple: D:4

Altars:
Uskayaw


Innate Abilities, Weirdness & Mutations

You have razor-sharp fangs.
You heal very quickly.
When hurt, damage is shared between your health and your magic reserves.
Your bite disrupts and absorbs the magic of your enemies.
Potions cannot restore your health.
You are immune to rotting.


Message History

You easily resist.
The orc warrior hits you with a +0 scimitar (14)!
Unknown command.
You hit the orc wizard (1).
The orc wizard seems to slow down.
You hit the orc wizard but do no damage.
You bite the orc wizard (3).
The orc wizard's magic leaks into the air.
You drain its magic.
You feel invigorated.
The orc wizard is severely wounded. (5/15) HP You hit the orc wizard but do no damage. x2
Your bite misses the orc wizard.
The orc wizard is severely wounded. (5/15) HP The orc warrior hits you with a +0 scimitar (24)!!
* * * LOW HITPOINT WARNING * * *
The orc wizard hits you with a +0 dagger (4).
* * * LOW HITPOINT WARNING * * *
You hit the orc wizard but do no damage. x2
The orc wizard is severely wounded. (5/15) HP The orc warrior hits you with a +0 scimitar (6).
You die...

.o ... .#o ...
.... .. #.oo..
.## #r{#. ...
ยง.O ..# ###
#.###.# #.#
..###o...# #.#
#.#@###.# #.#
#o## #.#
###.####.# ####
#.## #...[....#
<..# #..#
#.#.######
.#.######.# #.#.#
.#........###.#.#
.#######......#.#
.# ##.#####.#


You could see an orc warrior and an orc wizard.

Vanquished Creatures
  Edmund (D:3)
  A scorpion (D:3)
  An ogre (D:3)
  2 big kobolds (D:2)
  2 hounds (D:3)
  2 jellies (D:2)
  4 worker ants (D:3)
  A water moccasin skeleton (D:3)
  4 giant cockroaches
  A shadow imp (D:4)
  An adder (D:2)
  8 sewer rats (D:2)
  3 oozes
  8 cinder newts
  A worm (D:3)
  A dart slug (D:1)
  5 leopard geckos
  An orc (D:3)
  2 adder skeletons (D:2)
  2 ball pythons
  2 goblins (D:1)
  A hobgoblin (D:1)
  3 jackals (D:3)
  A quokka (D:3)
  6 bats
  A bat skeleton (D:2)
  13 kobolds
  3 rats
  A slimehead (D:2)
  36 withered plants (D:2)
118 creatures vanquished.

Vanquished Creatures (others)
  A kobold (D:2)
  15 fulminant prisms
  94 withered plants (D:2)
110 creatures vanquished.

Grand Total: 228 creatures vanquished

Notes
Turn   | Place    | Note
-------+----------+-------------------------------------------
     0 | D:1      | BR41ND34D the Deep Elf Vine Stalker began the quest for the
                  | Orb.
     0 | D:1      | Reached XP level 1. HP: 6/6 MP: 7/7
     0 | D:1      | Found a hide-covered altar of Uskayaw.
    32 | D:1      | Reached skill level 5 in Stealth
   101 | D:1      | Reached XP level 2. HP: 9/9 MP: 9/9
   198 | D:1      | Reached XP level 3. HP: 12/12 MP: 9/11
   725 | D:2      | Gained mutation: You heal very quickly. [symbiont growth]
   725 | D:2      | Reached XP level 4. HP: 13/15 MP: 12/12
  1000 | D:2      | Learned a level 3 spell: Blinding Spray
  1144 | D:2      | Noticed a big kobold
  1175 | D:2      | Reached XP level 5. HP: 17/18 MP: 14/14
  1184 | D:2      | Reached skill level 1 in Fighting
  1235 | D:2      | Learned a level 4 spell: Fulminant Prism
  1242 | D:2      | Reached skill level 6 in Stealth
  1580 | D:2      | Reached XP level 6. HP: 18/21 MP: 12/16
  1671 | D:2      | Reached skill level 5 in Hexes
  2740 | D:3      | Reached skill level 5 in Spellcasting
  2740 | D:3      | Reached XP level 7. HP: 24/24 MP: 18/18
  2981 | D:3      | Noticed Edmund
  2989 | D:3      | Killed Edmund
  2989 | D:3      | Reached skill level 7 in Stealth
  3750 | D:3      | Learned a level 2 spell: Ensorcelled Hibernation
  3812 | D:4      | HP: 1/25 [orc wizard/+0 dagger (2)]
  3813 | D:4      | Slain by an orc warrior

Levels and vault maps discovered:
D:1:      sevenhm_arrival_forest_fort_small_6, layout_cave_pools, first_ration
D:2:      layout_sewer
D:3:      layout_basic, uniq_edmund
D:4:      layout_loops_ring, minmay_temple_entry_statues,
          ebering_ghost_disaster_area

Skill      XL: |  1  2  3  4  5  6  7 |
---------------+----------------------+-----
Stealth        | 5 6 7 |  7.3
Spellcasting   | 2 3 4 5 6 |  6.2
Hexes          | 3 4 5 6 |  6.4
Dodging        | 4 |  4.7
Fighting       | 1 2 |  2.0
Short Blades   | 3 |  3.4

Action                   |  1- 3 |  4- 6 |  7- 9 || total
-------------------------+-------+-------+-------++-------
Melee: Dagger            |   131 |   375 |    84 ||   590
       Unarmed           |   116 |   357 |    72 ||   545
       Tailslap          |    33 |   119 |    30 ||   182
 Cast: Magic Candle      |    14 |    40 |     3 ||    57
       Blinding Spray    |       |     1 |     1 ||     2
       Fulminant Prism   |       |    11 |     4 ||    15
  Use: Scroll            |       |     1 |       ||     1
 Stab: Sleeping          |     1 |     4 |     7 ||    12
  Eat: Chunk             |       |    11 |     4 ||    15
Armor: Leather armour    |    20 |    38 |    10 ||    68
Dodge: Dodged            |    93 |   197 |    35 ||   325
